 Dungeon Crawl Stone Soup version 0.22-a0-499-g80674aa (webtiles) character file.

1432815 WorthleastSA the Archmage (level 27, 121/183 HPs)
             Began as a Barachi Wizard on July 9, 2018.
             Was the Champion of Vehumet.
             Escaped with the Orb
             ... and 3 runes on July 13, 2018!
             The game lasted 10:26:34 (112966 turns).

WorthleastSA the Archmage (Barachi Wizard)        Turns: 112966, Time: 10:26:35

Health: 121/183    AC: 25    Str: 19    XL:     27
Magic:  44/63      EV: 14    Int: 33    God:    Vehumet [******]
Gold:   3391       SH: 23    Dex: 21    Spells: 0/80 levels left

rFire    + + .     SeeInvis +   U - +10 long sword of Ruoch {flame, Str+4}
rCold    + . .     Gourm    .   x - +5 shield {AC+3}
rNeg     . . .     Faith    .   D - +4 ring mail "Mostun" {Int+4 Dex+2}
rPois    .         Spirit   .   W - +2 helmet {SInv}
rElec    .         Reflect  +   Y - scarf {cloud immunity}
rCorr    .         Harm     .   X - +1 pair of gloves {Dex+3}
MR       ++...     Rnd*Rage +   q - +2 pair of boots
Stlth    +.........             y - amulet of the City {Reflect +Inv Str+4 Dex+3 SH+4}
HPRegen  0.40/turn              O - ring of magical power
MPRegen  0.38/turn              a - ring "Biapp" {Wiz rC+}

@: slow
A: +LOS, swims, repulsion field 1, rugged brown scales 1, see invisible, agile
1, berserk 1, deterioration 1, fire resistance 2, frail 1, mutation resistance
1, screaming 1, slowness 1, sturdy frame 1, strong legs 2
0: Orb of Zot
}: 3/15 runes: decaying, silver, gossamer
a: Hop, Renounce Religion, Evoke Invisibility


You escaped.
You worshipped Vehumet.
Vehumet was exalted by your worship.
You were full.

You visited 11 branches of the dungeon, and saw 53 of its levels.
You also visited: Labyrinth, Ice Cave and Wizlab.

You collected 7851 gold pieces.
You spent 4460 gold pieces at shops.

Inventory:

Hand Weapons
 U - the +10 long sword of Ruoch (weapon) {flame, Str+4}
   (You took it off a necromancer in an ice cave)

   It has been specially enchanted to burn those struck by it, causing extra
   injury to most foes and up to half again as much damage against particularly
   susceptible opponents.
   Big, fiery blades are also staple armaments of hydra-hunters.
   It affects your strength (+4).
Missiles
 o - 3 tomahawks of dispersal (quivered)
Armour
 q - a +2 pair of boots (worn)
 x - a +5 shield of protection (worn)
 D - the +4 ring mail "Mostun" (worn) {Int+4 Dex+2}
   (You found it on level 3 of the Swamp)

   It affects your intelligence (+4).
   It affects your dexterity (+2).
 W - a +2 helmet of see invisible (worn)
 X - a +1 pair of gloves of dexterity (worn)
 Y - a scarf of cloud immunity (worn)
Magical Staves
 P - an uncursed staff of power
Jewellery
 a - the ring "Biapp" (right hand) {Wiz rC+}
   (You found it on level 1 of the Depths)

   [ring of wizardry]

   It improves your spell success rate.
   It protects you from cold.
 y - the amulet of the City (around neck) {Reflect +Inv Str+4 Dex+3 SH+4}
   (You bought it in a shop on level 1 of the Depths)

   [amulet of reflection]

   It shields you and reflects attacks.
   It affects your strength (+4).
   It affects your dexterity (+3).
   It lets you turn invisible.
   It affects your SH (+4).
 O - a ring of magical power (left hand)
Wands
 g - a wand of clouds (16)
 r - a wand of disintegration (25)
 t - a wand of hasting (15)
 u - a wand of flame (24)
 w - a wand of digging (14)
 I - a wand of paralysis (73)
 J - a wand of acid (13)
 N - a wand of iceblast (46)
Scrolls
 e - 25 scrolls of teleportation
 f - 5 scrolls of fog
 h - 4 scrolls of summoning
 j - 2 scrolls of silence
 m - a scroll of holy word
 n - 15 scrolls of remove curse
 p - 7 scrolls of fear
 z - 18 scrolls of identify
 B - 4 scrolls of amnesia
 C - 2 scrolls of magic mapping
 H - 11 scrolls of blinking
Potions
 b - 4 potions of resistance
 c - 11 potions of brilliance
 i - 15 potions of flight
 l - 25 potions of curing
 s - 9 potions of haste
 A - 8 potions of heal wounds
 E - 2 potions of agility
 G - 3 potions of mutation
 K - 8 potions of berserk rage
 L - 4 potions of restore abilities
 M - 6 potions of magic
 R - 8 potions of might
 T - 6 potions of cancellation
Books
 F - a book of Power

   Spells                             Type                      Level
   a - Iskenderun's Battlesphere      Conjuration/Charms           5
   b - Venom Bolt                     Conjuration/Poison           5
   c - Bolt of Magma                  Conjuration/Fire/Earth       5
   d - Iron Shot                      Conjuration/Earth            6
   e - Orb of Destruction             Conjuration                  7
   f - Spellforged Servitor           Conjuration/Summoning        7
Miscellaneous
 v - a shard of Zot
 Q - a harp of healing
 S - a stone of tremors (inert)
 Z - a lamp of fire
Comestibles
 d - 59 rations


   Skills:
 - Level 12.0 Fighting
 + Level 13.1 Long Blades
 - Level 12.0 Armour
 - Level 2.1 Dodging
 - Level 1.7 Stealth
 - Level 15.0 Shields
 O Level 27 Spellcasting
 - Level 21.0 Conjurations
 - Level 3.0 Charms
   Level 1.2 Summonings
 - Level 22.0 Translocations
 - Level 17.0 Fire Magic
 - Level 16.0 Ice Magic
 - Level 9.0 Air Magic
   Level 1.1 Poison Magic
 - Level 12.0 Evocations


You couldn't memorise any spells.
You knew the following spells:

 Your Spells              Type           Power        Failure   Level  Hunger
a - Airstrike             Air            #######...   1%          4    None
b - Blink                 Tloc           N/A          0%          2    None
c - Fire Storm            Conj/Fire      ########..   2%          9    ###....
d - Throw Icicle          Conj/Ice       ########     0%          4    None
e - Dispersal             Tloc           ########..   0%          6    None
f - Force Lance           Conj/Tloc      ########     0%          4    None
g - Bolt of Cold          Conj/Ice       ########..   1%          6    None
h - Singularity           Tloc           ########..   3%          9    ###....
i - Freezing Cloud        Conj/Ice/Air   #######...   1%          6    None
j - Orb of Destruction    Conj           ########..   1%          7    None
k - Ignition              Fire           ########..   1%          8    None
p - Deflect Missiles      Chrm/Air       ######....   3%          6    None
q - Iskenderun's Undoing  Conj           ########..   1%          9    ###....


Dungeon Overview and Level Annotations

Branches:
Dungeon (15/15)            Temple (1/1) D:7            Lair (6/6) D:10
  Swamp (4/4) Lair:2       Spider (4/4) Lair:4        Slime (0/5) Lair:6
    Orc (2/2) D:9             Elf (3/3) Orc:2        Vaults (5/5) D:14
  Crypt (3/3) Vaults:3       Tomb (0/3) Crypt:3      Depths (5/5) D:15
    Zot (5/5) Depths:5

Altars:
Ashenzari
Cheibriados
Dithmenos
Elyvilon
Fedhas
Gozag
Hepliaklqana
Jiyva
Kikubaaqudgha
Makhleb
Nemelex Xobeh
Okawaru
Ru
Sif Muna
Trog
Uskayaw
Vehumet
Wu Jian
Xom
Yredelemnul
Zin
The Shining One
Beogh
Lugonu

Shops:
D:2 *   D:5 !   D:6 *   D:10 (%?}[   D:14 %   Orc:2 :!(?   Vaults:3 ?
Depths:1 =}=(   Depths:2 :*:

Portals:
Hell: Lair:6 Depths:1 Depths:2 Depths:3 Depths:4 Depths:5
Abyss: Depths:4 Depths:5
Pandemonium: Orc:2 Depths:1 Depths:2 Depths:3 Depths:5
Ziggurat: Depths:3

Annotations:
Depths:3 1 transporter


Innate Abilities, Weirdness & Mutations

Shadows flee at your approach. (+LOS)
You can swim through water.
You cover ground slowly.
You can hop long distances.
You are surrounded by a mild repulsion field. (EV +2)
You are partially covered in rugged brown scales. (AC +1, +3% HP)
You have supernaturally acute eyesight. (SInv)
You are agile. (Dex +2)
You tend to lose your temper in combat.
Your body sometimes deteriorates upon taking damage.
Your flesh is very heat resistant. (rF++)
You are frail. (-10% HP)
You are somewhat resistant to further mutation.
You occasionally shout uncontrollably at your foes.
Your movements are slightly less encumbered by armour. (ER -2)


Message History

The Orb Guardian is severely wounded.
The Orb Guardian is knocked back by the lance of force.
Your fire vortex closely misses the Orb Guardian.
You block the Orb Guardian's attack.
Casting: Force Lance (safe; 0% risk of failure)
Confirm with . or Enter, or press ? or * to list all spells.
Aiming: Force Lance (safe; 0% risk of failure)
Press: ? - help, Shift-Dir - straight line, f/p - Orb Guardian
Aim: an Orb Guardian (severely wounded)
The lance of force hits the Orb Guardian.
You kill the Orb Guardian!
Vehumet accepts your kill.
You feel your power returning.
Your Long Blades skill increases to level 13!
Evoke which item? (* to show all) (? for menu, Esc to quit)
Aiming: Dig
Press: ? - help, Shift-Dir - straight line The rock shatters into small pieces.
There is a staircase leading out of the dungeon here.
You have escaped!

#..#.####....###########.........
#....##........###...(...8...8...
.#.###..........##.####....#...#.
.#.##............#.###....###.###
...##............#.##.##...#...#.
...#.....####......#.###.8...8...
...#...### ###.....## #...#...#.
...#..## ####.## ##.###)###
...#...### ###.@.## #...#...#.
...#.....####....## #.8...8...
#####............# #......... #
#............# ####.###..
##..........## #......
##........## #####.. ###....###
#.. ###### ###


There were no monsters in sight!

Vanquished Creatures
  A pandemonium lord (D:3)
  3 orbs of fire (Zot:5)
  2 juggernauts
  2 ancient liches (Zot:5)
  Boris (Crypt:1)
  Sojobo (Crypt:2)
  Bai Suzhen (Vaults:5)
  Xtahua (Crypt:2)
  the Lernaean hydra (Swamp:4)
  5 caustic shrikes
  11 golden dragons
  Jory (Crypt:3)
  7 Killer Klowns (Zot:5)
  A Hellbinder (WizLab)
  Arachne (Spider:4)
  4 electric golems
  6 liches
  Jorgrun (Vaults:3)
  A Brimstone Fiend (Zot:4)
  12 tentacled monstrosities
  Asterion (Vaults:2)
  The ghost of WorthleastSA the Sorcerer, an adept HCWz of Vehumet (Vaults:1)
  4 titans
  33 Orb Guardians
  2 deep elf blademasters
  A deep elf master archer (Elf:3)
  5 death cobs
  Frances (Spider:1)
  3 quicksilver dragons
  Agnes (Spider:3)
  5 ancient champions
  5 sphinxes
  10 tengu reavers
  7 storm dragons
  A draconian monk (Zot:4)
  Donald (Vaults:2)
  5 shadow dragons
  Roxanne (Swamp:1)
  15 frost giants
  3 revenants
  16 fire giants
  A cacodemon (WizLab)
  A draconian scorcher (Depths:5)
  12 vault wardens
  2 draconian knights
  A balrug (Depths:5)
  7 deep elf sorcerers
  6 ghost moths
  6 emperor scorpions (Spider:4)
  5 iron dragons
  10 deep elf elementalists (Elf:3)
  Aizul (Swamp:2)
  3 spriggan defenders
  24 ironheart preservers
  5 draconian stormcallers
  A curse skull (Crypt:1)
  7 ghouls
  A draconian annihilator (Zot:5)
  23 very ugly things
  A blood saint (WizLab)
  4 reapers
  20 stone giants
  A war gargoyle (Vaults:5)
  12 vampire knights
  2 entropy weavers
  2 green draconians (Zot:4)
  5 deep elf demonologists (Elf:3)
  4 white draconians
  A spectral titan (Crypt:3)
  5 black draconians
  16 deep elf annihilators
  5 red draconians
  5 purple draconians
  A lorocyproca (WizLab)
  11 spark wasps
  2 yellow draconians
  12 ettins
  11 eidola
  3 green deaths
  2 spectral quicksilver dragons (Crypt:3)
  13 deep elf death magi
  15 fire dragons
  2 spectral golden dragons (Crypt:3)
  2 jiangshi (Crypt:1)
  7 great orbs of eyes
  Erolcha (D:12)
  15 ogre magi
  7 deep elf high priests
  6 rakshasas
  A minotaur (Lab)
  A monstrous demonspawn (Depths:5)
  Harold (Lair:1)
  33 vault guards
  6 ice dragons
  2 hell beasts (WizLab)
  21 hydras
  15 yaktaur captains
  13 centaur warriors
  Fannar (Lair:1)
  A ghost crab (Swamp:4)
  3 spriggan air magi
  Erica (D:9)
  5 death knights
  An anaconda (shapeshifter) (D:14)
  46 two-headed ogres
  3 spectral fire giants (Crypt:3)
  A spectral frost giant (Crypt:3)
  A satyr (shapeshifter) (Depths:5)
  12 tengu warriors
  26 dancing weapons
  10 deep troll shamans
  A spectral stone giant (Crypt:3)
  12 deep troll earth magi
  4 orc high priests (Orc:2)
  9 death yaks
  11 alligators
  A titan zombie (Depths:2)
  4 vampire magi
  A spectral dire elephant (Crypt:3)
  9 spriggan berserkers
  21 deep elf knights
  Nergalle (Lair:1)
  12 shadow wraiths
  The ghost of Rhandor the Slicer, a novice HaFi of Gozag (D:8)
  5 sun demons
  5 soul eaters
  A sixfirhy (WizLab)
  Sonja (D:12)
  8 hell knights
  21 skeletal warriors
  5 iron trolls
  A small abomination (Elf:3)
  2 torturous demonspawn
  5 glowing orange brains
  55 deep trolls
  A spectral anaconda (Crypt:3)
  3 shadow demons
  A deep troll (shapeshifter) (Vaults:5)
  An unseen horror (Vaults:1)
  An unseen horror (shapeshifter) (Vaults:4)
  5 shambling mangroves
  3 gelid demonspawn
  A glowing orange brain (shapeshifter) (Vaults:2)
  15 flayed ghosts
  An iron giant skeleton (Crypt:2)
  19 ironbrand convokers
  11 phantasmal warriors
  11 swamp dragons
  A golden dragon skeleton (Depths:3)
  7 wizards
  7 harpies
  16 orc knights
  A wolf spider zombie (D:15)
  24 deep elf archers
  2 orb spiders (shapeshifter)
  11 orb spiders
  A sphinx zombie (Crypt:1)
  6 cyclopes
  70 deep elf magi
  9 necromancers
  32 wolf spiders
  A frost giant zombie (Depths:3)
  An obsidian statue (Crypt:1)
  A faun (shapeshifter) (Depths:1)
  A shining eye (shapeshifter) (Depths:5)
  3 oklob plants
  2 mana vipers (shapeshifter)
  A tengu skeleton (Depths:3)
  A salamander (shapeshifter) (Depths:2)
  12 orc sorcerers
  2 manticores
  51 ugly things
  An iron dragon zombie (Crypt:2)
  A sphinx skeleton (Depths:3)
  A spectral fire dragon (Crypt:3)
  4 moths of wrath
  A spectral shock serpent (Crypt:3)
  A manticore (shapeshifter) (Vaults:5)
  3 human skeletons (Vaults:4)
  A fire giant skeleton (Crypt:3)
  A frost giant skeleton (Vaults:2)
  3 rust devils
  A stone giant skeleton (Depths:2)
  An iron dragon skeleton (Depths:2)
  16 vault sentinels
  5 black mambas
  14 orange demons
  2 torpor snails
  2 smoke demons
  4 centaur skeletons
  3 ice statues (IceCv)
  A centaur zombie (D:15)
  A red draconian zombie (Crypt:3)
  A torpor snail (shapeshifter) (Vaults:1)
  An elephant slug zombie (Crypt:3)
  4 rime drakes
  A gargoyle (D:13)
  A storm dragon simulacrum (Crypt:3)
  A catoblepas zombie (Crypt:3)
  14 spiny frogs
  24 freezing wraiths
  A white draconian zombie (Crypt:2)
  2 hellions (WizLab)
  A komodo dragon (shapeshifter) (Vaults:3)
  A green draconian zombie (Crypt:2)
  12 ice devils
  50 yaktaurs
  A yaktaur (shapeshifter) (Vaults:4)
  A tengu conjurer (Depths:2)
  14 komodo dragons
  18 demonic crawlers
  An iron troll zombie (Crypt:3)
  A harpy zombie (Crypt:2)
  A spectral merfolk (Crypt:3)
  6 hellwings
  6 red devils
  2 tormentors
  A meliai (D:14)
  40 hornets
  9 trolls
  2 trolls (shapeshifter)
  A tengu simulacrum (Vaults:4)
  A wind drake (shapeshifter) (Depths:1)
  A spectral infernal demonspawn (Crypt:3)
  39 jumping spiders
  7 tyrant leeches
  A polar bear (shapeshifter) (Depths:2)
  2 jumping spiders (shapeshifter)
  A wolf spider simulacrum (Crypt:3)
  A sphinx simulacrum (Depths:3)
  A hydra skeleton (Crypt:2)
  A raiju (shapeshifter) (Depths:5)
  27 slime creatures
  4 dream sheep (Lair:2)
  A guardian serpent zombie (Crypt:1)
  14 hippogriffs
  A spectral swamp dragon (Crypt:3)
  13 boulder beetles
  15 blink frogs
  A blink frog (shapeshifter) (Depths:2)
  2 stone giant simulacra
  19 bog bodies
  A snapping turtle (shapeshifter) (Vaults:2)
  3 air elementals
  60 redbacks
  3 neqoxecs
  5 vampires
  An ettin skeleton (Vaults:2)
  6 shadows
  14 water elementals
  3 ynoxinuls
  A spriggan (shapeshifter) (Vaults:4)
  19 spriggans
  A tarantella (shapeshifter) (Depths:4)
  17 humans (D:14)
  5 wyverns
  29 yaks
  4 basilisks
  An ice dragon skeleton (Crypt:3)
  16 tarantellas
  4 wraiths
  A human (shapeshifter) (Vaults:2)
  A golden eye (shapeshifter) (Elf:2)
  4 fire elementals
  4 chaos spawn
  23 vampire mosquitoes
  3 hungry ghosts
  A steam dragon (D:10)
  8 wargs
  A soldier ant (D:14)
  11 swamp worms
  A swamp worm (shapeshifter) (Depths:4)
  3 acid dragons
  A spectral snapping turtle (Crypt:3)
  A spectral spiny frog (Crypt:3)
  2 deep troll zombies
  13 water moccasins
  4 hell hounds (Lair:6)
  10 porcupines
  16 swamp drakes
  A floating eye (Depths:4)
  49 orc warriors
  5 ice beasts
  3 necrophages
  32 ogres
  A phantom (D:8)
  2 sky beasts
  An eye of draining (shapeshifter) (Depths:4)
  8 boggarts
  2 black bears
  An elf zombie (Vaults:2)
  A fire dragon simulacrum (Crypt:3)
  10 wolves (Lair:3)
  An eye of draining (D:14)
  A lindwurm skeleton (Crypt:3)
  A tengu (shapeshifter) (Depths:4)
  26 centaurs
  A hog skeleton (Crypt:3)
  14 crocodiles
  A big kobold (D:14)
  Blork the orc (D:6)
  A cyclops zombie (Crypt:2)
  2 wyvern zombies
  A merfolk simulacrum (Crypt:3)
  16 bullfrogs
  A bullfrog (shapeshifter) (Vaults:1)
  4 earth elementals
  A raiju zombie (Crypt:1)
  A wyvern skeleton (D:14)
  A troll zombie (Crypt:1)
  3 scorpions
  11 killer bees (D:11)
  22 wights
  5 electric eels
  7 howler monkeys
  8 crimson imps
  A human zombie (Crypt:1)
  3 bullfrog zombies
  3 quasits
  7 hounds
  17 jellies
  3 bullfrog skeletons
  23 orc priests
  16 orc wizards
  10 worker ants
  6 iguanas
  A spriggan simulacrum (IceCv)
  20 sheep
  An acid dragon skeleton (Crypt:1)
  3 centaur simulacra (IceCv)
  A crocodile skeleton (Crypt:2)
  A big kobold skeleton (Crypt:2)
  A worker ant zombie (D:11)
  A howler monkey skeleton (D:8)
  8 gnolls
  13 adders
  4 naga simulacra (IceCv)
  2 ogre simulacra (IceCv)
  8 shadow imps
  A steam dragon skeleton (Crypt:1)
  16 white imps
  4 ufetubi
  16 oozes
  An adder skeleton (Crypt:3)
  A halfling zombie (Crypt:3)
  A worm (D:2)
  4 leopard geckos
  103 orcs
  6 giant cockroaches
  8 goblins
  10 hobgoblins
  16 jackals
  4 quokkas
  A ball python (D:7)
  7 bats
  5 frilled lizards
  A frilled lizard skeleton (Crypt:2)
  A goblin skeleton (Crypt:3)
  A jackal skeleton (D:6)
  15 kobolds
  A quokka skeleton (D:8)
  A quokka zombie (D:9)
  11 rats
  A crawling corpse (Elf:3)
  2 fire vortices
  6 fungi
  2 plants (Depths:1)
2612 creatures vanquished.

Vanquished Creatures (collateral kills)
  An ancient lich (Zot:5)
  Saint Roka (Crypt:1)
  2 Orb Guardians (Zot:5)
  An ancient champion (Crypt:2)
  A shadow dragon (Zot:3)
  A draconian annihilator (Zot:3)
  A ghoul (Crypt:2)
  An ironheart preserver (Vaults:3)
  A black draconian (Zot:3)
  A vault guard (Vaults:5)
  A death yak (Lair:4)
  2 skeletal warriors
  A smoke demon (D:3)
  A tormentor (D:2)
  2 hellwings
  A porcupine (Lair:4)
19 creatures vanquished.

Vanquished Creatures (others)
  2 stone giants
  2 yaktaur captains
  A hydra (Swamp:4)
  A deep troll (Depths:3)
  A deep elf archer (Elf:3)
  2 moths of wrath (Zot:5)
  13 yaktaurs
  A hornet (Swamp:3)
  A boulder beetle (Lair:6)
  A hell hound (Zot:5)
  A centaur (Depths:1)
  A ball lightning (Elf:2)
  An orc (Vaults:3)
  2 bushes (Depths:1)
  35 fire vortices
  37 fungi
  124 plants
  6 singularities
  A withered plant (D:5)
233 creatures vanquished.

Grand Total: 2864 creatures vanquished

Notes
Turn   | Place    | Note
-------+----------+-------------------------------------------
     0 | D:1      | WorthleastSA the Barachi Wizard began the quest for the Orb.
     0 | D:1      | Reached XP level 1. HP: 13/13 MP: 4/4
   641 | D:1      | Reached XP level 2. HP: 19/19 MP: 3/6
   674 | D:1      | Learned a level 2 spell: Blink
   677 | D:1      | Learned a level 2 spell: Call Imp
  1243 | D:1      | Reached skill level 4 in Spellcasting
  1249 | D:1      | Reached XP level 3. HP: 24/24 MP: 0/8
  1256 | D:1      | Learned a level 3 spell: Mephitic Cloud
  1874 | D:2      | Found Zin's Purification Station.
  1887 | D:2      | Found a glowing silver altar of Zin.
  2108 | D:2      | Reached XP level 4. HP: 30/30 MP: 0/10
  2331 | D:1      | Learned a level 3 spell: Conjure Flame
  3219 | D:3      | Found a faded altar of an unknown god.
  3243 | D:3      | Reached skill level 5 in Spellcasting
  3445 | D:3      | Reached XP level 5. HP: 35/35 MP: 7/12
  3806 | D:3      | Found a shattered altar of Ashenzari.
  4951 | D:4      | Reached XP level 6. HP: 39/41 MP: 2/14
  5075 | D:4      | Reached skill level 6 in Spellcasting
  5694 | D:5      | Entered Level 5 of the Dungeon
  5865 | D:5      | Got a crystal morningstar
  5866 | D:5      | Identified the +7 morningstar of Ashenzari's Generosity {speed, rPois} (You found it on level 5 of the Dungeon)
  6017 | D:5      | Found Meoll's Distillery.
  6021 | D:5      | Bought a potion of curing for 39 gold pieces
  6021 | D:5      | Bought a potion of magic for 104 gold pieces
  6037 | D:5      | Noticed an ice beast
  6038 | D:5      | Found an ancient bone altar of Kikubaaqudgha.
  6085 | D:5      | Reached XP level 7. HP: 46/46 MP: 2/17
  6195 | D:5      | Found a sacrificial altar of Ru.
  6253 | D:5      | Reached skill level 7 in Spellcasting
  6536 | D:5      | Got a translucent brass ring
  6537 | D:5      | Identified the ring "Tifod" {MR++ EV+4 Str+2} (You found it on level 5 of the Dungeon)
  6564 | D:5      | Reached skill level 5 in Conjurations
  6637 | D:4      | Gained mutation: You are weak. (Str -2) [mutagenic meat]
  6638 | D:4      | Gained mutation: You are partially covered in rugged brown scales. (AC +1, +3% HP) [mutagenic meat]
  6807 | D:5      | Reached skill level 1 in Fighting
  6807 | D:5      | Reached skill level 1 in Armour
  6995 | D:5      | Reached XP level 8. HP: 55/55 MP: 10/19
  7391 | D:5      | Bought a potion of flight for 39 gold pieces
  7391 | D:5      | Bought a potion of agility for 52 gold pieces
  7391 | D:5      | Bought a potion of degeneration for 13 gold pieces
  7779 | D:6      | Noticed Blork the orc
  7799 | D:6      | Killed Blork the orc
  8014 | D:6      | Reached skill level 1 in Fire Magic
  8014 | D:6      | Reached skill level 1 in Air Magic
  8122 | D:6      | Reached skill level 8 in Spellcasting
  8122 | D:6      | Reached skill level 1 in Poison Magic
  8717 | D:6      | Found Wolekeh's General Store.
  8723 | D:6      | Bought a scroll of teleportation for 39 gold pieces
  9675 | D:7      | Reached XP level 9. HP: 54/66 MP: 13/21
  9856 | D:7      | Reached skill level 9 in Spellcasting
  9986 | D:7      | You fall through a shaft for 3 floors!
  9986 | D:10     | Entered Level 10 of the Dungeon
 10244 | D:9      | Noticed a troll
 10272 | D:9      | Killed a troll
 10319 | D:9      | Noticed a hornet
 10654 | D:9      | Reached skill level 1 in Evocations
 10672 | D:9      | Reached skill level 5 in Fighting
 10672 | D:9      | Reached skill level 5 in Armour
 10688 | D:9      | Noticed a two-headed ogre
 10735 | D:10     | Killed a two-headed ogre
 10735 | D:10     | Reached skill level 10 in Spellcasting
 10735 | D:10     | Reached XP level 10. HP: 19/75 MP: 3/24
 11653 | D:9      | Reached skill level 1 in Long Blades
 11958 | D:8      | Noticed a two-headed ogre
 11984 | D:7      | Learned a level 4 spell: Throw Icicle
 12127 | D:7      | Found a staircase to the Ecumenical Temple.
 12202 | Temple   | Entered the Ecumenical Temple
 12232 | Temple   | Became a worshipper of Vehumet
 12550 | D:8      | Noticed Rhandor's ghost (novice HaFi)
 12566 | D:7      | Reached skill level 1 in Ice Magic
 13627 | D:8      | Killed Rhandor's ghost
 13627 | D:8      | Reached skill level 5 in Evocations
 13864 | D:8      | Killed a two-headed ogre
 13968 | D:8      | Reached XP level 11. HP: 52/82 MP: 25/25
 14128 | D:8      | Found a blossoming altar of Fedhas.
 14131 | D:8      | Found an opulent altar of Gozag.
 14142 | D:8      | Reached skill level 11 in Spellcasting
 14150 | D:8      | Found a basalt altar of Yredelemnul.
 14156 | D:8      | Got a pitted ring mail
 14173 | D:8      | Identified the +4 ring mail of Vehumet's Fury {MR++ Regen+ Dex-5 Slay+2} (You found it on level 8 of the Dungeon)
 14592 | D:9      | Noticed Erica
 14598 | D:9      | Killed Erica
 14599 | D:9      | Noticed a two-headed ogre
 14636 | D:9      | Killed a two-headed ogre
 14859 | D:9      | Got a steaming robe
 14870 | D:9      | Identified the +2 robe of Twilight {rElec rC+} (You found it on level 9 of the Dungeon)
 15166 | D:9      | Found a staircase to the Orcish Mines.
 15739 | D:10     | Reached skill level 5 in Ice Magic
 15850 | D:10     | Found a staircase to the Lair.
 16117 | D:10     | Noticed a two-headed ogre
 16129 | D:10     | Killed a two-headed ogre
 16148 | D:10     | Reached * piety under Vehumet
 16148 | D:10     | Offered knowledge of Sandblast by Vehumet.
 16255 | D:10     | Noticed a two-headed ogre
 16267 | D:10     | Killed a two-headed ogre
 16267 | D:10     | Reached skill level 12 in Spellcasting
 16443 | D:10     | Noticed a two-headed ogre
 16448 | D:10     | Killed a two-headed ogre
 16531 | D:10     | Found Saigruli's Gadget Boutique.
 16536 | D:10     | Found Ythuprin's Food Boutique.
 16556 | D:10     | Found a basalt altar of Yredelemnul.
 16574 | D:10     | Found Camnu's Antique Weapon Shoppe.
 16593 | D:10     | Found Vuddaiq's Magic Scroll Shop.
 16597 | D:10     | Bought a scroll of identify for 28 gold pieces
 16597 | D:10     | Bought a scroll of identify for 28 gold pieces
 16597 | D:10     | Bought a scroll of identify for 28 gold pieces
 16597 | D:10     | Bought a scroll of identify for 28 gold pieces
 16740 | D:10     | Found Pulocso's Armour Boutique.
 17087 | D:11     | Noticed a two-headed ogre
 17121 | D:11     | Killed a two-headed ogre
 17257 | D:11     | Offered knowledge of Shock by Vehumet.
 17262 | D:11     | Reached ** piety under Vehumet
 17327 | D:11     | Reached XP level 12. HP: 89/89 MP: 2/28
 17517 | D:11     | Noticed an eight-headed hydra
 17847 | D:11     | Killed an eight-headed hydra
 17899 | D:11     | Offered knowledge of Dazzling Spray by Vehumet.
 17966 | D:11     | Found a hide-covered altar of Uskayaw.
 18091 | D:11     | Reached skill level 10 in Conjurations
 18244 | D:12     | Reached skill level 13 in Spellcasting
 18257 | D:12     | Reached *** piety under Vehumet
 18357 | D:12     | Noticed Sonja
 18437 | D:12     | Noticed a rakshasa
 18442 | D:12     | Noticed Erolcha
 18442 | D:12     | Found a frozen archway.
 18459 | IceCv    | Entered an ice cave
 19478 | IceCv    | HP: 2/89 [ice devil (7)]
 19650 | IceCv    | Offered knowledge of Conjure Distortion by Vehumet.
 19749 | IceCv    | Got a brightly glowing long sword {flame}
 19749 | IceCv    | Got a twisted troll leather armour
 19767 | IceCv    | Identified the cursed +0 troll leather armour of Hakyiq {+Inv MR+ Regen+ Str+6 Dex-2} (You took it off a necromancer in an ice cave)
 19767 | IceCv    | Identified the +10 long sword of Ruoch {flame, Str+4} (You took it off a necromancer in an ice cave)
 20189 | IceCv    | Got a distressingly furry scale mail
 20197 | IceCv    | Got warped swamp dragon scales
 20219 | IceCv    | Identified the cursed +0 scale mail of the Bard {rF+ rN+} (You found it in an ice cave)
 20230 | IceCv    | Identified the cursed +1 swamp dragon scales of the Trombone {rPois Str+4} (You found it in an ice cave)
 20378 | D:12     | Noticed a centaur warrior
 20383 | D:12     | Noticed a two-headed ogre
 20402 | D:12     | Killed Sonja
 20630 | Lair:1   | Entered Level 1 of the Lair of Beasts
 20712 | Lair:1   | Reached **** piety under Vehumet
 20811 | Lair:1   | Noticed Harold
 20820 | Lair:1   | Killed Harold
 20820 | Lair:1   | Reached skill level 14 in Spellcasting
 21003 | Lair:1   | Offered knowledge of Yara's Violent Unravelling by Vehumet.
 21155 | Lair:1   | Identified a scroll of acquirement
 21163 | Lair:1   | Learned a level 4 spell: Force Lance
 21317 | Lair:1   | Noticed Nergalle
 21332 | Lair:1   | Killed Nergalle
 21332 | Lair:1   | Gained mutation: You can hop long distances. [Barachi growth]
 21332 | Lair:1   | Reached XP level 13. HP: 82/95 MP: 7/31
 21891 | Lair:1   | Noticed Fannar
 21912 | Lair:1   | Killed Fannar
 22359 | Lair:2   | Found a staircase to the Swamp.
 23214 | Lair:2   | Learned a level 4 spell: Sticky Flame
 23220 | Lair:2   | Learned a level 5 spell: Fireball
 23808 | Lair:3   | Reached ***** piety under Vehumet
 23808 | Lair:3   | Reached skill level 10 in Ice Magic
 23840 | Lair:3   | Offered knowledge of Bolt of Cold by Vehumet.
 23848 | Lair:3   | Learned a level 6 spell: Bolt of Cold
 24836 | Lair:3   | Reached skill level 15 in Spellcasting
 25341 | Lair:4   | Found a hole to the Spider Nest.
 26566 | Orc:1    | Entered Level 1 of the Orcish Mines
 26571 | Orc:1    | Reached XP level 14. HP: 103/103 MP: 32/33
 26678 | Orc:1    | Found a roughly hewn altar of Beogh.
 26825 | D:10     | Bought a scroll of acquirement for 728 gold pieces
 26825 | D:10     | Identified the Guide on Enhancements and Battle Magic (You acquired it on level 10 of the Dungeon)
 26833 | D:10     | Learned a level 6 spell: Freezing Cloud
 27547 | Orc:2    | Entered Level 2 of the Orcish Mines
 28219 | Orc:2    | Found a staircase to the Elven Halls.
 28680 | Orc:2    | Found Kaqogh's Distillery.
 28936 | Orc:2    | Offered knowledge of Bolt of Fire by Vehumet.
 28996 | Orc:2    | Found Soraesy's Magic Scroll Boutique.
 29131 | Orc:2    | Bought a potion of magic for 120 gold pieces
 29131 | Orc:2    | Bought a potion of brilliance for 60 gold pieces
 29133 | Orc:2    | Bought a scroll of teleportation for 48 gold pieces
 29133 | Orc:2    | Bought a scroll of teleportation for 48 gold pieces
 29133 | Orc:2    | Bought a scroll of blinking for 120 gold pieces
 29133 | Orc:2    | Bought a scroll of teleportation for 48 gold pieces
 29411 | Orc:2    | Reached skill level 16 in Spellcasting
 29895 | Orc:2    | Found Fiuguav's Antique Weapon Shoppe.
 29895 | Orc:2    | Found Ticzyap's Book Emporium.
 29895 | Orc:2    | Found a one-way gate leading to the halls of Pandemonium.
 30067 | D:5      | Bought a potion of mutation for 104 gold pieces
 30067 | D:5      | Bought a potion of resistance for 130 gold pieces
 31171 | Lair:6   | Entered Level 6 of the Lair of Beasts
 31888 | Lair:6   | Offered knowledge of Ozocubu's Refrigeration by Vehumet.
 32059 | Lair:6   | Reached XP level 15. HP: 108/108 MP: 30/35
 32256 | Lair:6   | Found a staircase to the Slime Pits.
 32805 | Lair:6   | Reached skill level 17 in Spellcasting
 33504 | Lair:6   | Found a burning altar of Makhleb.
 33510 | Lair:6   | Found a gateway to Hell.
 33964 | D:10     | Learned a level 7 spell: Orb of Destruction
 34115 | D:5      | Bought a potion of restore abilities for 65 gold pieces
 34275 | D:12     | Killed Erolcha
 35222 | D:12     | Offered knowledge of Blade of Disaster by Vehumet.
 36022 | D:13     | Found a labyrinth entrance.
 36042 | Lab      | Entered a labyrinth
 36778 | D:13     | Found a sparkling altar of Nemelex Xobeh.
 36778 | D:13     | Found a transporter.
 37054 | D:13     | Gained mutation: Your spells are a little easier to cast, but a little less powerful. [mutagenic meat]
 37055 | D:13     | Gained mutation: You are clumsy. (Dex -2) [mutagenic meat]
 37056 | D:13     | Gained mutation: You expend magic power (3 MP) to strengthen your wands. [mutagenic meat]
 37058 | D:13     | Lost mutation: You are weak. (Str -2) [mutagenic meat]
 37059 | D:13     | Gained mutation: You are partially covered in large bone plates. (SH +4) [mutagenic meat]
 37060 | D:13     | Gained mutation: Your flesh is cold resistant. (rC+) [mutagenic meat]
 37224 | D:14     | Gained mutation: You have supernaturally acute eyesight. (SInv) [mutagenic meat]
 37225 | D:14     | Gained mutation: You evolve. [mutagenic meat]
 37389 | D:14     | Found Epifuana's Food Shoppe.
 37477 | D:14     | Reached XP level 16. HP: 65/118 MP: 37/37
 37807 | D:14     | Reached skill level 18 in Spellcasting
 38110 | D:14     | Found a gate to the Vaults.
 38312 | D:14     | Offered knowledge of Conjure Ball Lightning by Vehumet.
 38733 | D:14     | Reached skill level 1 in Shields
 38740 | D:14     | Noticed a storm dragon
 38765 | D:14     | Killed a storm dragon
 39383 | D:14     | Noticed a tengu reaver
 39388 | D:14     | Killed a tengu reaver
 39567 | D:14     | Found a sacrificial altar of Ru.
 39819 | Spider:1 | Entered Level 1 of the Spider Nest
 39878 | Spider:1 | Gained mutation: Your flesh is very cold resistant. (rC++) [mutagenic meat]
 39879 | Spider:1 | Gained mutation: You passively map a small area around you. [mutagenic meat]
 40060 | Spider:1 | Noticed Frances
 40076 | Spider:1 | Killed Frances
 41841 | Spider:2 | Reached skill level 5 in Shields
 42242 | Spider:1 | Offered knowledge of Spellforged Servitor by Vehumet.
 42307 | Spider:2 | Reached XP level 17. HP: 100/127 MP: 39/39
 43352 | Spider:2 | Lost mutation: You are partially covered in large bone plates. (SH +4) [evolution]
 43352 | Spider:2 | Lost mutation: You evolve. [end of evolution]
 43502 | Spider:3 | Noticed Agnes
 43512 | Spider:3 | Killed Agnes
 44349 | Spider:4 | Entered Level 4 of the Spider Nest
 44900 | Spider:4 | Reached skill level 19 in Spellcasting
 44909 | Spider:4 | Offered knowledge of Poison Arrow by Vehumet.
 44972 | Spider:4 | Noticed Arachne
 44983 | Spider:4 | Killed Arachne
 46183 | Spider:4 | Reached skill level 10 in Shields
 46989 | Spider:4 | Gained mutation: You are weak. (Str -2) [mutagenic meat]
 47590 | Spider:4 | Got a gossamer rune of Zot
 47888 | Swamp:1  | Entered Level 1 of the Swamp
 47896 | Swamp:1  | Reached XP level 18. HP: 135/135 MP: 41/41
 48197 | Swamp:1  | Noticed Roxanne
 48595 | Swamp:1  | Reached ****** piety under Vehumet
 49159 | Swamp:1  | Killed Roxanne
 49163 | Swamp:1  | Identified Roxanne's Guide on the Rocks (You took it off Roxanne on level 1 of the Swamp)
 49539 | Orc:2    | Bought a book of Air for 490 gold pieces
 49544 | Orc:2    | Learned a level 4 spell: Airstrike
 49743 | Swamp:2  | Offered knowledge of Fire Storm by Vehumet.
 49743 | Swamp:2  | Offered knowledge of Chain Lightning by Vehumet.
 49743 | Swamp:2  | Offered knowledge of Iskenderun's Undoing by Vehumet.
 50241 | Swamp:2  | Gained mutation: You are very clumsy. (Dex -4) [mutagenic meat]
 50445 | Swamp:2  | Noticed Aizul
 50458 | Swamp:2  | Killed Aizul
 50469 | Swamp:2  | Gained mutation: Your body sometimes deteriorates upon taking damage. [mutagenic meat]
 50470 | Swamp:2  | Gained mutation: Your body often deteriorates upon taking damage. [mutagenic meat]
 50471 | Swamp:2  | Gained mutation: Your magical capacity is low. (-10% MP) [mutagenic meat]
 50472 | Swamp:2  | Gained mutation: You are dopey. (Int -2) [mutagenic meat]
 50474 | Swamp:2  | Lost mutation: You expend magic power (3 MP) to strengthen your wands. [mutagenic meat]
 50626 | Swamp:2  | Lost mutation: You are very clumsy. (Dex -4) [potion of mutation]
 50626 | Swamp:2  | Lost mutation: Your magical capacity is low. (-10% MP) [potion of mutation]
 50626 | Swamp:2  | Lost mutation: Your body often deteriorates upon taking damage. [potion of mutation]
 50626 | Swamp:2  | Lost mutation: You are clumsy. (Dex -2) [potion of mutation]
 50626 | Swamp:2  | Gained mutation: You possess an exceptional clarity of mind. [potion of mutation]
 51153 | Swamp:3  | Got a steaming ring mail
 51609 | Swamp:2  | Identified the +4 ring mail "Mostun" {Int+4 Dex+2} (You found it on level 3 of the Swamp)
 52574 | Swamp:4  | Entered Level 4 of the Swamp
 52601 | Swamp:4  | Reached skill level 5 in Air Magic
 53355 | Swamp:3  | Lost mutation: You possess an exceptional clarity of mind. [potion of mutation]
 53355 | Swamp:3  | Lost mutation: Your flesh is very cold resistant. (rC++) [potion of mutation]
 53355 | Swamp:3  | Gained mutation: You possess an exceptional clarity of mind. [potion of mutation]
 53355 | Swamp:3  | Gained mutation: You are covered in fur. (AC +1) [potion of mutation]
 53356 | Swamp:3  | Lost mutation: You are dopey. (Int -2) [potion of mutation]
 53356 | Swamp:3  | Lost mutation: Your flesh is cold resistant. (rC+) [potion of mutation]
 53356 | Swamp:3  | Lost mutation: You are covered in fur. (AC +1) [potion of mutation]
 53356 | Swamp:3  | Gained mutation: You are robust. (+10% HP) [potion of mutation]
 53356 | Swamp:3  | Gained mutation: You have a pair of small horns on your head. [potion of mutation]
 53737 | Swamp:4  | Noticed the 27-headed Lernaean hydra
 54117 | Swamp:4  | Found the +5 robe of Night {Dark MR+ SInv}
 54583 | Swamp:4  | Killed the 27-headed Lernaean hydra
 54728 | Swamp:4  | Got a decaying rune of Zot
 55382 | D:10     | Lost mutation: You have a pair of small horns on your head. [potion of mutation]
 55382 | D:10     | Lost mutation: You possess an exceptional clarity of mind. [potion of mutation]
 55382 | D:10     | Lost mutation: You are weak. (Str -2) [potion of mutation]
 55382 | D:10     | Lost mutation: You are robust. (+10% HP) [potion of mutation]
 55382 | D:10     | Gained mutation: You are weak. (Str -2) [potion of mutation]
 55382 | D:10     | Gained mutation: Your flesh is heat resistant. (rF+) [potion of mutation]
 55564 | Elf:1    | Entered Level 1 of the Elven Halls
 55684 | Elf:1    | Reached XP level 19. HP: 121/142 MP: 42/42
 56531 | Elf:1    | You fall through a shaft!
 56626 | Elf:2    | Reached skill level 15 in Shields
 57277 | Elf:1    | Reached skill level 20 in Spellcasting
 57821 | Elf:2    | Got a heavily runed scale mail
 58315 | Elf:2    | Found a runed gate.
 58315 | Elf:2    | Found a runed gate.
 58339 | Elf:2    | Found a runed gate.
 58396 | Elf:2    | Gained mutation: Your mind is acute. (Int +2) [mutagenic meat]
 58398 | Elf:2    | Lost mutation: You are weak. (Str -2) [mutagenic meat]
 58732 | Elf:2    | Identified the +3 scale mail of Jaufatih {rC+ Int+3 Stlth+} (You found it on level 2 of the Elven Halls)
 60223 | D:10     | Learned a level 9 spell: Iskenderun's Undoing
 60385 | Vaults:1 | Entered Level 1 of the Vaults
 60623 | Vaults:1 | Gained mutation: You have an increased reservoir of magic. (+10% MP) [mutagenic meat]
 60626 | Vaults:1 | Gained mutation: Your movements are slightly less encumbered by armour. (ER -2) [mutagenic meat]
 60627 | Vaults:1 | Lost mutation: Your mind is acute. (Int +2) [mutagenic meat]
 60629 | Vaults:1 | Gained mutation: You occasionally shout uncontrollably at your foes. [mutagenic meat]
 60630 | Vaults:1 | Gained mutation: You are clumsy. (Dex -2) [mutagenic meat]
 60631 | Vaults:1 | Gained mutation: Armour fits poorly on your strangely shaped body. [mutagenic meat]
 60633 | Vaults:1 | Lost mutation: You have an increased reservoir of magic. (+10% MP) [mutagenic meat]
 60634 | Vaults:1 | Lost mutation: You are clumsy. (Dex -2) [mutagenic meat]
 60828 | Vaults:1 | Reached XP level 20. HP: 133/148 MP: 20/44
 61023 | Vaults:1 | Reached skill level 15 in Conjurations
 61216 | Vaults:1 | Reached skill level 21 in Spellcasting
 61427 | Vaults:1 | HP: 5/148 [storm dragon/bolt of lightning (38)]
 62146 | Vaults:1 | Noticed WorthleastSA's ghost (adept HCWz)
 62153 | Vaults:1 | Killed WorthleastSA's ghost
 62881 | Vaults:1 | Lost mutation: You passively map a small area around you. [mutagenic meat]
 62885 | Vaults:1 | Gained mutation: You tend to lose your temper in combat. [mutagenic meat]
 62892 | Vaults:1 | Gained mutation: You are surrounded by a mild repulsion field. (EV +2) [mutagenic meat]
 63264 | Vaults:1 | Found a basalt altar of Yredelemnul.
 63461 | Vaults:1 | Gained mutation: You are frail. (-10% HP) [mutagenic meat]
 63462 | Vaults:1 | Lost mutation: Your body sometimes deteriorates upon taking damage. [mutagenic meat]
 63463 | Vaults:1 | Gained mutation: Your flesh is very heat resistant. (rF++) [mutagenic meat]
 64050 | Vaults:1 | Reached skill level 22 in Spellcasting
 65220 | Vaults:2 | Reached XP level 21. HP: 139/139 MP: 47/47
 65728 | Vaults:2 | Noticed Donald
 65740 | Vaults:2 | Killed Donald
 65763 | Vaults:2 | Got a steaming robe
 65897 | Vaults:2 | Identified the +0 robe "Yshrecost" {*Slow +Blink rCorr Str+7} (You took it off a centaur warrior on level 2 of the Vaults)
 66426 | Vaults:2 | Gained mutation: You are agile. (Dex +2) [mutagenic meat]
 66428 | Vaults:2 | Lost mutation: Armour fits poorly on your strangely shaped body. [mutagenic meat]
 66431 | Vaults:2 | Gained mutation: You have sharp toenails. [mutagenic meat]
 66622 | Vaults:2 | Noticed Asterion
 67064 | Vaults:2 | Killed Asterion
 68500 | Vaults:3 | Noticed Jorgrun
 68518 | Vaults:3 | Killed Jorgrun
 68976 | Vaults:3 | Found a staircase to the Crypt.
 69459 | Vaults:3 | Found Aphuozas's Magic Scroll Emporium.
 69467 | Vaults:3 | Bought a scroll of enchant armour for 135 gold pieces
 69467 | Vaults:3 | Bought a scroll of enchant armour for 135 gold pieces
 69467 | Vaults:3 | Bought a scroll of amnesia for 63 gold pieces
 69467 | Vaults:3 | Bought a scroll of magic mapping for 63 gold pieces
 70109 | Vaults:4 | Gained mutation: You are somewhat resistant to further mutation. [mutagenic meat]
 70114 | Vaults:4 | Lost mutation: Your spells are a little easier to cast, but a little less powerful. [mutagenic meat]
 70137 | Vaults:4 | Lost mutation: You have sharp toenails. [mutagenic meat]
 71051 | Vaults:4 | Reached XP level 22. HP: 147/147 MP: 4/48
 72072 | Vaults:4 | Reached skill level 10 in Fighting
 72072 | Vaults:4 | Reached skill level 10 in Armour
 72649 | Orc:2    | Bought a potion of curing for 45 gold pieces
 72649 | Orc:2    | Bought a potion of curing for 45 gold pieces
 72649 | Orc:2    | Bought a potion of curing for 45 gold pieces
 72649 | Orc:2    | Bought a potion of haste for 150 gold pieces
 72649 | Orc:2    | Bought a potion of curing for 45 gold pieces
 72649 | Orc:2    | Bought a potion of haste for 150 gold pieces
 72649 | Orc:2    | Bought a potion of resistance for 150 gold pieces
 72828 | D:10     | Learned a level 6 spell: Dispersal
 72927 | D:15     | Entered Level 15 of the Dungeon
 73479 | D:15     | Learned a level 6 spell: Deflect Missiles
 73522 | D:15     | Found a staircase to the Depths.
 73898 | D:15     | Reached skill level 5 in Translocations
 74189 | Depths:1 | Entered Level 1 of the Depths
 74193 | Depths:1 | Reached skill level 1 in Charms
 74490 | Depths:1 | Found a shimmering altar of Xom.
 75161 | Depths:2 | Noticed a caustic shrike
 75359 | Depths:2 | Found a magical portal.
 75369 | WizLab   | Entered The Hall of the Hellbinder
 75639 | WizLab   | Reached skill level 23 in Spellcasting
 76448 | WizLab   | Noticed Icanwaaw
 76460 | WizLab   | Killed Icanwaaw the Hellbinder
 76574 | WizLab   | Found a burning altar of Makhleb.
 76586 | WizLab   | Got a vibrating turquoise ring
 76609 | WizLab   | Identified Ciofaw's Catalogue of Calling
 76730 | Depths:2 | Identified the ring "Sarupis" {rElec rC+ MR- Dex+2} (You found it in a wizard's laboratory)
 76759 | Depths:2 | Killed a caustic shrike
 77481 | Depths:2 | Found Ukiusm Moela's Book Shop.
 77486 | Depths:2 | Found Rasain's General Store.
 77487 | Depths:2 | Found Poawemn's Book Shop.
 77492 | Depths:2 | Bought a scroll of blinking for 120 gold pieces
 77492 | Depths:2 | Bought a scroll of blinking for 120 gold pieces
 78148 | Depths:2 | Reached XP level 23. HP: 155/155 MP: 50/50
 80498 | Depths:1 | Got a sparkling jade ring
 80500 | Depths:1 | Identified the ring "Biapp" {Wiz rC+} (You found it on level 1 of the Depths)
 81203 | Depths:1 | Found Huohud's Jewellery Boutique.
 81204 | Depths:1 | Found Leimn's Gadget Emporium.
 81205 | Depths:1 | Found Duopucerr's Jewellery Boutique.
 81214 | Depths:1 | Bought the amulet of the City {Reflect +Inv Str+4 Dex+3 SH+4} for 835 gold pieces
 81257 | Depths:1 | Found Kunn's Weapon Boutique.
 83434 | Depths:3 | Found an iron altar of Okawaru.
 83450 | Depths:3 | Found a gateway to a ziggurat.
 83462 | Depths:3 | Identified the Handbook of the Slorg
 83652 | Depths:3 | Found a transporter.
 83654 | Depths:3 | Found a corrupted altar of Lugonu.
 85077 | Depths:4 | Found a one-way gate to the infinite horrors of the Abyss.
 85175 | Depths:4 | Reached XP level 24. HP: 133/165 MP: 50/50
 85494 | Depths:4 | Noticed a juggernaut
 85505 | Depths:4 | Killed a juggernaut
 85505 | Depths:4 | Reached skill level 10 in Evocations
 85775 | Depths:4 | Reached skill level 24 in Spellcasting
 85775 | Depths:4 | Reached skill level 15 in Ice Magic
 85785 | Depths:4 | Noticed a caustic shrike
 85788 | Depths:4 | Killed a caustic shrike
 86665 | Depths:4 | Noticed a caustic shrike
 86673 | Depths:4 | Killed a caustic shrike
 86998 | Depths:4 | Noticed a caustic shrike
 86999 | Depths:4 | Killed a caustic shrike
 87098 | Depths:4 | Noticed a caustic shrike
 87100 | Depths:4 | Killed a caustic shrike
 87207 | Depths:4 | Identified the Volume of Mutagenic Weightlessness
 87279 | Depths:4 | Got a brightly glowing gossamer ring
 87281 | Depths:4 | Identified the ring "Enumug" {rPois rF+ MP-9 Int+4} (You took it off a deep elf annihilator on level 4 of the Depths)
 87684 | Depths:5 | Entered Level 5 of the Depths
 88198 | Depths:5 | Reached skill level 10 in Translocations
 88436 | Depths:5 | Reached XP level 25. HP: 159/171 MP: 51/51
 89738 | Depths:5 | Found a gate to the Realm of Zot.
 90257 | Depths:5 | Noticed a juggernaut
 90268 | Depths:5 | Killed a juggernaut
 90268 | Depths:5 | Reached skill level 25 in Spellcasting
 91115 | D:10     | Learned a level 9 spell: Fire Storm
 91359 | Elf:3    | Entered Level 3 of the Elven Halls
 91853 | Elf:3    | Reached skill level 5 in Fire Magic
 92418 | Elf:3    | Got a transparent silver ring
 93668 | Elf:3    | Identified the ring of Waiciu {+Fly Int+3} (You took it off a deep elf high priest on level 3 of the Elven Halls)
 93906 | Elf:3    | Reached XP level 26. HP: 177/177 MP: 52/52
 93942 | Elf:3    | Found the +3 sling "Punk" {acid, rCorr}
 93967 | Elf:3    | Identified the Reference Book on Assistive Evil Secrets
 93973 | Elf:3    | Identified Baeh's Almanac of Supportive Combat Magic
 94323 | D:10     | Learned a level 8 spell: Ignition
 95241 | Vaults:5 | Entered Level 5 of the Vaults
 95248 | Vaults:4 | Reached skill level 10 in Fire Magic
 96330 | Vaults:5 | Reached skill level 26 in Spellcasting
 97737 | Vaults:5 | Paralysed by an ogre mage for 2 turns
 97787 | Vaults:5 | Got a scorched bone ring
 97895 | Vaults:5 | Noticed Bai Suzhen
 97905 | Vaults:5 | Killed Bai Suzhen
 98114 | Vaults:5 | Reached XP level 27. HP: 183/183 MP: 53/53
 98137 | Vaults:5 | Reached skill level 15 in Fire Magic
 98267 | Vaults:5 | Identified the ring "Atozxew" {Ice rElec rPois MR+ Int-3} (You took it off a vault warden on level 5 of the Vaults)
 98287 | Vaults:5 | Got a fine copper ring
 98362 | Vaults:5 | Identified the ring of the Doge {Int+3 Stlth+} (You took it off Bai Suzhen on level 5 of the Vaults)
 99204 | Vaults:5 | Got a silver rune of Zot
 99501 | Crypt:1  | Entered Level 1 of the Crypt
 99712 | Crypt:1  | Noticed Boris
 99720 | Crypt:1  | Killed Boris
100222 | Crypt:1  | Noticed Saint Roka
100226 | Crypt:1  | Killed Saint Roka
100601 | Crypt:1  | Reached skill level 27 in Spellcasting
100941 | D:10     | Learned a level 9 spell: Singularity
101757 | Crypt:1  | Identified the +7 chain mail of the Vaults {rC++ Str+6} (You found it on level 1 of the Crypt)
101785 | Crypt:1  | Identified the +1 robe of the Clam {rC+} (You found it on level 1 of the Crypt)
102132 | Crypt:1  | Found an ancient bone altar of Kikubaaqudgha.
103510 | Crypt:2  | Noticed Sojobo
103516 | Crypt:2  | Killed Sojobo
103793 | Crypt:2  | Noticed Xtahua
103799 | Crypt:2  | Killed Xtahua
104411 | Crypt:3  | Entered Level 3 of the Crypt
104414 | Crypt:3  | Reached skill level 15 in Translocations
105705 | Crypt:3  | Noticed Jory
105726 | Crypt:3  | Killed Jory
106775 | Crypt:3  | Found a staircase to the Tomb.
107129 | Crypt:3  | Identified Kikubaaqudgha's Guide on Evil Rituals
107650 | Zot:1    | Entered Level 1 of the Realm of Zot
107672 | Zot:2    | Got a clouded ivory ring
107674 | Zot:2    | Identified the ring "Fahuiff" {MR+ Str+2 Dex+3} (You found it on level 2 of the Realm of Zot)
107693 | Zot:2    | Identified the +6 scale mail of Toqof {rF+ rN+ Slay-6} (You found it on level 2 of the Realm of Zot)
108699 | Zot:5    | Entered Level 5 of the Realm of Zot
109036 | Zot:5    | Noticed an ancient lich
109040 | Zot:5    | Killed an ancient lich
109649 | Zot:5    | Noticed an ancient lich
109653 | Zot:5    | Killed an ancient lich
109686 | Zot:5    | Noticed an orb of fire
109695 | Zot:5    | Killed an orb of fire
109863 | Zot:5    | Noticed an orb of fire
109872 | Zot:5    | Gained mutation: Your body sometimes deteriorates upon taking damage. [an orb of fire]
109878 | Zot:5    | Killed an orb of fire
110292 | Zot:5    | Noticed an orb of fire
110296 | Zot:5    | Killed an orb of fire
110642 | Zot:5    | Noticed an ancient lich
110644 | Zot:5    | Killed an ancient lich
111416 | Zot:5    | Reached skill level 5 in Long Blades
111814 | Zot:5    | Got the Orb of Zot
112108 | Zot:4    | Reached skill level 10 in Long Blades
112285 | Depths:5 | Noticed Rafitral the pandemonium lord
112506 | D:12     | Noticed Acimamui the pandemonium lord
112675 | D:5      | Noticed Mymug the pandemonium lord
112711 | D:3      | Noticed Qaivvuk the pandemonium lord
112728 | D:3      | Killed Qaivvuk the pandemonium lord
112966 | D:$      | Escaped with the Orb!

Vault maps used:
D:1:      minmay_arrival_loop, minmay_misc_feat_four_crosses
D:2:      zin_purify
D:3:      chequers_ecumenical_altar_island, nicolae_ashenzari_panopticon
D:4:      corexii_shack_village, first_ration
D:5:      kiku_gazebo_garden_becter, serial_shops, nicolae_shop_crystal,
          hangedman_ru_absence
D:6:      serial_shops, shop, uniq_blork_the_orc
D:7:      minmay_temple_entry_statues_fountains
D:8:      gammafunk_temple_overflow_forgotten, nicolae_overflow_hidden_temple
D:9:      hiddenorc1_lemuel, uniq_erica
D:10:     erik_lair_dragon, basic_altar, serial_shops, kennysheep_mini_moat,
          shop, nicolae_shop_trees, shop, nicolae_shop_window_shopping
D:11:     basic_altar
D:12:     kennysheep_funnel, portal_ice_cave_entry_imps, grunt_tengu_nest,
          hangedman_abyss_or_decor_stagger, uniq_sonja, uniq_erolcha
D:13:     lemuel_slime, lab_entry_generic, grunt_nemelex_the_gamble
D:14:     lemuel_traditional_vault, grunt_vaults_entry_tiered, basic_altar,
          serial_column_ruins, column_ruins_square_medium,
          column_ruins_columns_T, column_ruins_columns_straight,
          column_ruins_grid_1, column_ruins_grid_3,
          column_ruins_corridor_straight, serial_shops, shop
D:15:     hangedman_depths_entry_civil_slaughter
Temple:   compressed_dpeg_circular_temple
Lair:1:   uniq_harold, uniq_nergalle, uniq_fannar
Lair:2:   minmay_swamp_entry_reptiles, eino_small_chamber_without_monster
Lair:3:   st_stairs_3, minivault_24, grunt_megastairs_1,
          infiniplex_staircase_pool_2, serial_bayou_shore_b,
          serial_bayou_shore_b
Lair:4:   dummy_spider_entry, serial_bayou_shore_b
Lair:5:   lemuel_fruit_tree, grunt_megastairs_2
Lair:6:   evil_forest, nicolae_slime_entry_slimehenge, serial_bayou_lake_a
Swamp:1:  evilmike_swamp_ruin_wall, uniq_roxanne
Swamp:2:  nicolae_swamp_stair_fork, swamp_pool5, uniq_aizul
Swamp:3:  evilmike_swamp_ruin_house_4, hangedman_swamp_lotus
Swamp:4:  grunt_swamp_rune_castle
Spider:1: uniq_frances
Spider:2: spiders_nest_hornet_nest
Spider:3: uniq_agnes
Spider:4: guppyfry_spider_rune, uniq_arachne
Orc:1:    basic_altar, mines3_lemuel
Orc:2:    pf_orc_diabolical
Elf:1:    elf_arrival_001, minivault_28
Elf:3:    minmay_elf_hall_four_x
Vaults:1: nicolae_vaults_what_the_h, ontoclasm_vaults_ring_square,
          vaults_room_boxed, nicolae_vaults_mini_display_case,
          nicolae_vaults_branching_niches, v_misc_3, ontoclasm_vaults_idyll,
          v_misc_15, nicolae_vaults_network_quinsquares,
          vaults_room_ringed_pool, vaults_room_grunt_arrival_ludios, basic_altar
Vaults:2: hangedman_vaults_variations, hangedman_vaults_locks,
          nicolae_vaults_rhombus_6, vaults_room_stairs_pillars,
          vaults_room_corners, vaults_room_grunt_arrival_checkpoint, v_misc_14,
          nicolae_vaults_hallways_thing, nicolae_vaults_little_squares_3,
          v_misc_2, st_quartered_hall, vaults_room_pool,
          vaults_standard_mumra_lines, uniq_asterion, uniq_donald
Vaults:3: vaults_dpeg_cross, vaults_dpeg_hooks, nicolae_vaults_theta,
          minmay_crypt_entry_vampire_xt, grunt_vaults_funnel, vaults_room_fours,
          nicolae_vaults_three_branches, v_pattern_4,
          nicolae_vaults_circle_grid_a, hangedman_vaults_river_flow,
          vaults_mumra_minichess, ontoclasm_vaults_idyll, serial_shops,
          shop_fountains, uniq_jorgrun
Vaults:4: vaults_mumra_chevron, v_misc_16, hangedman_vaults_slice,
          ontoclasm_vaults_misaligned, v_misc_30, nicolae_vaults_big_ls,
          nicolae_vaults_twisting_passages, nicolae_vaults_shelves_hall,
          nicolae_vaults_rhombus_5
Vaults:5: uniq_bai_suzhen
Crypt:1:  cheibrodos_crypt_eye_of_stone, uniq_boris, uniq_saint_roka
Crypt:2:  grunt_megastairs_4, basic_stair_grate_trap, uniq_sojobo, uniq_xtahua
Crypt:3:  due_elkab, uniq_jory
Depths:1: lemuel_crystal_altar, serial_shops, nicolae_shop_statue_plus,
          grunt_hell_entry_dis_mu, rand_demon_pan_entry_1, grunt_tough_drop,
          serial_bayou_shore_b, minmay_shop_grove
Depths:2: minmay_ambush_box, mu_enter_wizlab_7, pan_entry, hell_entry,
          infiniplex_staircase_zigzag_4, minmay_shop_star
Depths:3: gammafunk_corrupted_shrine, enter_ziggurat_e, kennysheep_flooded_box,
          grunt_pan_entry_sceptre, hell_entry, st_stairs_13, minivault_14,
          kennysheep_generic_room_10
Depths:4: grunt_twisty_corner, abyss_entry_small_statue_room, hell_entry,
          nicolae_two_hexagons, minmay_staircase_statues_hall_large,
          firewood_loft, serial_bayou_shore_a
Depths:5: grunt_zot_entry_bicorn, minmay_misc_feat_secret_circle,
          lightli_too_deep, abyss_entry_crystal, rand_demon_pan_entry_8,
          hangedman_decor_slide_cut, minmay_evil_grid
Zot:2:    st_single_dragon_hoard_1
Zot:5:    stair_cage_wide
Lab:      labyrinth_spiral, nicolae_lab_starburst, nicolae_lab_grate,
          labyrinth_skeletal_remains
IceCv:    ice_cave_tombish
WizLab:   wizlab_demon

Skill      XL: |  1  2  3  4  5  6  7  8  9 10 11 12 13 14 15 16 17 18 19 20 21 22 23 24 25 26 27 |
---------------+----------------------------------------------------------------------------------+-----
Spellcasting   | 4 5 6 7 8 10 12 14 15 16 17 18 19 20 22 23 24 25 26 27 | 27.0
Conjurations   | 2 3 4 5 6 7 8 9 11 12 13 14 16 18 20 21 | 21.0
Fighting       | 1 3 5 6 7 8 9 10 12 | 12.0
Armour         | 1 3 5 6 8 9 10 12 | 12.0
Fire Magic     | 1 3 9 14 17 | 17.0
Air Magic      | 1 3 6 9 |  9.0
Poison Magic   | 1 |  1.1
Evocations     | 3 6 7 8 9 11 12 | 12.0
Long Blades    | 1 13 | 13.1
Ice Magic      | 3 6 9 10 12 13 14 15 16 | 16.0
Translocations | 4 7 8 10 11 22 | 22.0
Shields        | 5 11 14 15 | 15.0
Charms         | 3 |  3.0
Dodging        | |  2.1
Stealth        | |  1.7
Summonings     | |  1.2

Action                   |  1- 3 |  4- 6 |  7- 9 | 10-12 | 13-15 | 16-18 | 19-21 | 22-24 | 25-27 || total
-------------------------+-------+-------+-------+-------+-------+-------+-------+-------+-------++-------
Melee: Unarmed           |    26 |       |       |       |       |       |       |       |       ||    26
       Whip              |     1 |     8 |       |       |       |       |       |       |       ||     9
       Dagger            |       |    19 |    12 |     4 |       |       |       |       |       ||    35
       Falchion          |       |     3 |       |       |       |       |       |       |       ||     3
       Scimitar          |       |       |    10 |     6 |       |       |       |       |       ||    16
       Long sword        |       |       |       |     8 |    13 |    12 |    19 |    41 |    35 ||   128
       Staff             |       |       |       |       |     1 |       |     1 |       |       ||     2
Throw: Tomahawk          |       |       |       |       |       |     2 |       |       |       ||     2
 Cast: Magic Dart        |    86 |   161 |   332 |   660 |    95 |    55 |       |       |       ||  1389
       Mephitic Cloud    |     1 |     4 |    12 |    32 |    18 |     2 |    27 |     1 |       ||    97
       Conjure Flame     |       |     7 |    12 |    35 |     4 |       |       |       |       ||    58
       Blink             |       |     8 |    16 |     8 |     3 |     3 |     4 |     5 |    12 ||    59
       Call Imp          |       |     2 |     2 |     1 |     3 |       |       |       |       ||     8
       Throw Icicle      |       |       |       |   208 |   545 |   636 |   603 |   612 |   959 ||  3563
       Sticky Flame      |       |       |       |       |    61 |   122 |    88 |    81 |    15 ||   367
       Force Lance       |       |       |       |       |    53 |   192 |   110 |    48 |   245 ||   648
       Fireball          |       |       |       |       |    28 |    29 |    25 |    16 |     5 ||   103
       Bolt of Cold      |       |       |       |       |     3 |    10 |    35 |    41 |    15 ||   104
       Freezing Cloud    |       |       |       |       |    20 |    30 |    36 |    26 |    33 ||   145
       Orb of Destructio |       |       |       |       |     3 |    21 |    10 |    42 |   172 ||   248
       Airstrike         |       |       |       |       |       |   144 |   275 |   313 |   347 ||  1079
       Iskenderun's Undo |       |       |       |       |       |       |     1 |     8 |    11 ||    20
       Deflect Missiles  |       |       |       |       |       |       |       |     6 |     4 ||    10
       Dispersal         |       |       |       |       |       |       |       |     2 |     9 ||    11
       Fire Storm        |       |       |       |       |       |       |       |       |    23 ||    23
       Ignition          |       |       |       |       |       |       |       |       |    19 ||    19
       Singularity       |       |       |       |       |       |       |       |       |     6 ||     6
 Abil: Hop               |       |     3 |     5 |     8 |     3 |     8 |     7 |     3 |     8 ||    45
Evoke: Wand              |       |       |     9 |    43 |     8 |    34 |    14 |    17 |    24 ||   149
       Stone of tremors  |       |       |       |     1 |       |       |     1 |       |     1 ||     3
       Harp of healing   |       |       |       |       |       |     1 |     1 |       |       ||     2
  Use: Scroll            |       |     1 |     4 |    25 |    10 |    15 |     8 |     4 |    22 ||    89
       Potion            |       |       |     1 |     2 |     1 |     7 |     5 |     3 |     4 ||    23
 Stab: Sleeping          |       |     6 |       |       |       |       |       |       |       ||     6
       Paralysed         |       |       |     8 |       |       |       |       |       |       ||     8
  Eat: Chunk             |     4 |    14 |    16 |    24 |    54 |    54 |    87 |    44 |    34 ||   331
       Ration            |       |       |       |     4 |     4 |     7 |     3 |     4 |    18 ||    40
Armor: Robe              |     6 |    12 |    21 |    36 |       |       |       |       |       ||    75
       Ring mail         |       |       |       |    85 |    93 |    30 |     9 |       |    87 ||   304
       Troll leather arm |       |       |       |     7 |       |       |       |       |       ||     7
       Swamp dragon scal |       |       |       |       |       |   277 |       |       |       ||   277
       Scale mail        |       |       |       |       |       |       |    87 |    92 |    13 ||   192
Dodge: Dodged            |    20 |    59 |    87 |   271 |   145 |   343 |   194 |   159 |   154 ||  1432
       Deflected         |       |       |       |       |       |       |       |    38 |    42 ||    80
Block: Other             |       |       |       |       |     1 |    17 |       |       |       ||    18
       Buckler           |       |       |       |       |       |   108 |       |       |       ||   108
       Shield            |       |       |       |       |       |   115 |   414 |   387 |   379 ||  1295
       Reflection        |       |       |       |       |       |       |    18 |    78 |    58 ||   154
       Rpst.: Falchion   |       |     5 |       |       |       |       |       |       |       ||     5
       Scimitar          |       |       |    13 |    12 |       |       |       |       |       ||    25
       Long sword        |       |       |       |       |     1 |     5 |     1 |     4 |     3 ||    14

Table legend:
 A = Spawn XP
 B = Non-spawn XP
 C = Spawn XP percentage of total XP
 D = Spawn monster count
 E = Non-spawn monster count
 F = Spawn count percentage of total count
 G = Total turns spent on level
                    A         B        C        D         E        F      G
               +---------+---------+-------+---------+---------+-------+---------
         Total |       0 | 1722738 |   0.0 |       0 |    2609 |   0.0 | 112966
               +---------+---------+-------+---------+---------+-------+---------
           D:1 |       0 |      53 |   0.0 |       0 |      33 |   0.0 |  2067
           D:2 |       0 |      88 |   0.0 |       0 |      14 |   0.0 |  1274
           D:3 |       0 |     122 |   0.0 |       0 |      15 |   0.0 |  1291
           D:4 |       0 |     157 |   0.0 |       0 |      24 |   0.0 |  1428
           D:5 |       0 |     818 |   0.0 |       0 |      27 |   0.0 |  2012
           D:6 |       0 |     906 |   0.0 |       0 |      22 |   0.0 |  2047
           D:7 |       0 |    1391 |   0.0 |       0 |      31 |   0.0 |  1472
           D:8 |       0 |    2766 |   0.0 |       0 |      23 |   0.0 |  1685
           D:9 |       0 |    4596 |   0.0 |       0 |      37 |   0.0 |  2904
          D:10 |       0 |    5308 |   0.0 |       0 |      22 |   0.0 |  3421
          D:11 |       0 |    5343 |   0.0 |       0 |      58 |   0.0 |  2206
          D:12 |       0 |   12744 |   0.0 |       0 |      53 |   0.0 |  1759
          D:13 |       0 |    7710 |   0.0 |       0 |      36 |   0.0 |  1092
          D:14 |       0 |   38187 |   0.0 |       0 |      84 |   0.0 |  3316
          D:15 |       0 |   15468 |   0.0 |       0 |      39 |   0.0 |  1877
        Lair:1 |       0 |    6588 |   0.0 |       0 |      21 |   0.0 |  1850
        Lair:2 |       0 |    4560 |   0.0 |       0 |      22 |   0.0 |  1728
        Lair:3 |       0 |    6871 |   0.0 |       0 |      43 |   0.0 |  1713
        Lair:4 |       0 |    7358 |   0.0 |       0 |      22 |   0.0 |  1106
        Lair:5 |       0 |    2854 |   0.0 |       0 |      15 |   0.0 |   824
        Lair:6 |       0 |   24098 |   0.0 |       0 |      75 |   0.0 |  2703
       Swamp:1 |       0 |   13196 |   0.0 |       0 |      37 |   0.0 |  1665
       Swamp:2 |       0 |   15518 |   0.0 |       0 |      35 |   0.0 |  1538
       Swamp:3 |       0 |    9743 |   0.0 |       0 |      28 |   0.0 |  2010
       Swamp:4 |       0 |   31817 |   0.0 |       0 |      52 |   0.0 |  1958
      Spider:1 |       0 |   12101 |   0.0 |       0 |      26 |   0.0 |  2539
      Spider:2 |       0 |   20548 |   0.0 |       0 |      66 |   0.0 |  1235
      Spider:3 |       0 |    6854 |   0.0 |       0 |      15 |   0.0 |   833
      Spider:4 |       0 |   46451 |   0.0 |       0 |      92 |   0.0 |  3289
         Orc:1 |       0 |    1244 |   0.0 |       0 |      11 |   0.0 |   821
         Orc:2 |       0 |   19080 |   0.0 |       0 |      81 |   0.0 |  3017
         Elf:1 |       0 |   24981 |   0.0 |       0 |      45 |   0.0 |  1925
         Elf:2 |       0 |   42706 |   0.0 |       0 |      61 |   0.0 |  2743
         Elf:3 |       0 |   73484 |   0.0 |       0 |      65 |   0.0 |  2560
      Vaults:1 |       0 |   90457 |   0.0 |       0 |     135 |   0.0 |  4207
      Vaults:2 |       0 |   58669 |   0.0 |       0 |      90 |   0.0 |  3292
      Vaults:3 |       0 |   36367 |   0.0 |       0 |      73 |   0.0 |  3298
      Vaults:4 |       0 |   70219 |   0.0 |       0 |      85 |   0.0 |  4506
      Vaults:5 |       0 |  154134 |   0.0 |       0 |     130 |   0.0 |  2160
       Crypt:1 |       0 |   49276 |   0.0 |       0 |      66 |   0.0 |  1484
       Crypt:2 |       0 |   51080 |   0.0 |       0 |      54 |   0.0 |  2157
       Crypt:3 |       0 |   62675 |   0.0 |       0 |      88 |   0.0 |  2871
      Depths:1 |       0 |   45244 |   0.0 |       0 |      57 |   0.0 |  2140
      Depths:2 |       0 |   71354 |   0.0 |       0 |      87 |   0.0 |  4800
      Depths:3 |       0 |   33718 |   0.0 |       0 |      53 |   0.0 |   821
      Depths:4 |       0 |  139185 |   0.0 |       0 |     129 |   0.0 |  3937
      Depths:5 |       0 |   94911 |   0.0 |       0 |      71 |   0.0 |  3311
         Zot:2 |       0 |    4546 |   0.0 |       0 |       1 |   0.0 |   400
         Zot:3 |       0 |   32043 |   0.0 |       0 |      16 |   0.0 |   304
         Zot:4 |       0 |   17062 |   0.0 |       0 |      11 |   0.0 |   438
         Zot:5 |       0 |  216295 |   0.0 |       0 |      74 |   0.0 |  3392
           Lab |       0 |    1018 |   0.0 |       0 |       1 |   0.0 |   211
         IceCv |       0 |    4764 |   0.0 |       0 |      22 |   0.0 |  1904
        WizLab |       0 |   24012 |   0.0 |       0 |      36 |   0.0 |  1355
               +---------+---------+-------+---------+---------+-------+---------
